 Dungeon Crawl Stone Soup version 0.21.0-24-g2553a33 (webtiles) character file.

176 Monsterracer the Ruffian (level 5, -3/49 HPs)
             Began as a Troll Skald on Jan 20, 2018.
             Killed by nerve-wracking pain
             ... invoked by Grinder
              (14 damage)
             ... while paralysed by Grinder
             ... on level 3 of the Dungeon.
             The game lasted 00:01:55 (1675 turns).

Monsterracer the Ruffian (Troll Skald)              Turns: 1675, Time: 00:01:56

Health: -3/49      AC:  5    Str: 20    XL:     5   Next: 30%
Magic:  5/5        EV:  1    Int:  9    God:
Gold:   52         SH:  0    Dex:  9    Spells: 2/6 levels left

rFire    . . .     SeeInvis .     - Unarmed
rCold    . . .     Gourm    +   (no shield)
rNeg     . . .     Faith    .   a - +0 robe
rPois    .         Spirit   .   (helmet restricted)
rElec    .         Reflect  .   (no cloak)
rCorr    .         Harm     .   (gloves unavailable)
MR       .....                  (boots unavailable)
Stlth    +.........             (no amulet)
HPRegen  0.56/turn              k - +2 ring of slaying
MPRegen  0.09/turn              (no ring)

@: paralysed
A: large, unfitting armour, claws 3, fast metabolism 3, gourmand, regeneration
1, shaggy fur 1, tough skin 2
a: no special abilities


You were on level 3 of the Dungeon.
You were completely stuffed.

You visited 1 branch of the dungeon, and saw 3 of its levels.

You collected 52 gold pieces.

Inventory:

Armour
 a - a +0 robe (worn)
Jewellery
 k - a +2 ring of slaying (left claw)
 m - an uncursed ring of fire
Wands
 o - a wand of paralysis (13)
Scrolls
 d - a scroll of fear {unknown}
 e - a scroll of enchant armour {unknown}
 i - 3 scrolls of teleportation {unknown}
 l - a scroll of immolation {unknown}
 n - a scroll of fog {unknown}
Potions
 b - 3 potions of haste {unknown}
 f - a potion of brilliance {unknown}
 g - 2 potions of curing {unknown}
 h - a potion of berserk rage {unknown}
 j - a potion of degeneration {unknown}
 p - 2 potions of lignification {unknown}
Comestibles
 c - 7 rations
 q - a chunk of flesh


   Skills:
 + Level 1.6 Fighting
 + Level 2.0 Dodging
 * Level 5.5 Unarmed Combat
 - Level 1.2 Spellcasting
 - Level 2.0 Charms


You had 2 spell levels left.
You knew the following spells:

 Your Spells              Type           Power        Failure   Level  Hunger
a - Infusion              Chrm           #...         16%         1    ##.....
c - Regeneration          Chrm/Necr      #.........   58%         3    ####...


Dungeon Overview and Level Annotations

Branches:
Dungeon (3/15)

Altars:
Ashenzari
Dithmenos

Annotations:
D:3 Grinder


Innate Abilities, Weirdness & Mutations

You are too large for most types of armour.
You have claws for hands.
Your metabolism is lightning-fast.
You like to eat raw meat.
Your natural rate of healing is unusually fast.
You are covered in fur. (AC +1)
You have very tough skin. (AC +2)


Message History

* * * LOW HITPOINT WARNING * * *
An orc comes into view.
Grinder drinks a potion.
Grinder seems to grow stronger.
The kobold throws a stone.
The stone hits you.
* * * LOW HITPOINT WARNING * * *
A rat comes into view.
Grinder blinks!
You can move again.
You see here 2 stones.
You take 15 damage, and have 22/48 hp.
MASSIVE DAMAGE!!
Grinder gestures at you. You resist with significant effort.
Found 10 gold pieces.
The orc hits you.
* * * LOW HITPOINT WARNING * * *
You take 5 damage, and have 20/48 hp.
You mangle the orc!!
You kill the orc!
Grinder blinks!
You see here a leather armour.
The goblin hits you.
* * * LOW HITPOINT WARNING * * *
There is a stone staircase leading up here.
You take 2 damage, and have 21/48 hp.
Grinder blinks!
The goblin hits you but does no damage.
You climb upwards.
There is a stone staircase leading down here.
You regained 2 hp, and now have 23/48 hp.
You scratch the goblin.
The goblin is severely wounded.
You barely miss the goblin.
The goblin is severely wounded.
The goblin hits you but does no damage.
You mangle the goblin!!
You kill the goblin!
There is a stone staircase leading down here.
You start resting.
Eating one of 2 chunks of flesh.
You eat one of the 2 chunks of flesh.
This raw flesh tastes great.
HP restored.
Health restored: 48 You climb downwards.
Level annotation: Grinder The adder completely misses you.
The rat bites you but does no damage. The adder bites you.
You are poisoned.
The adder poisons you!
There is a stone staircase leading up here.
You take 2 damage, and have 46/48 hp.
You mangle the adder!!
You kill the adder!
Your Dodging skill increases to level 2!
You feel sick. The rat bites you.
You take 3 damage, and have 43/49 hp.
You closely miss the rat. The rat bites you but does no damage.
You claw the rat!
You kill the rat!
You scratch the kobold.
You kill the kobold!
You feel sick.
Grinder blinks!
Things that are here:
a short sword; a kobold corpse; a rat corpse Grinder is nearby!
You feel sick.
Things that are here:
a ring mail; a whip You barely miss Grinder.
Grinder gestures at you.
You barely resist. You claw Grinder! Your claw misses Grinder.
Grinder is moderately wounded.
Grinder hits you.
You take 3 damage, and have 44/49 hp.
You barely miss Grinder.
Grinder is moderately wounded.
You feel sick.
You are no longer poisoned.
Grinder gestures at you. Pain shoots through your body!
You take 8 damage, and have 36/49 hp.
You scratch Grinder.
Grinder is moderately wounded.
Grinder gestures at you.
You suddenly lose the ability to move!
Grinder hits you!
You writhe in agony.
Grinder hits you but does no damage. Grinder hits you.
You writhe in agony.
* * * LOW HITPOINT WARNING * * *
Grinder hits you.
* * * LOW HITPOINT WARNING * * *
You writhe in agony.
* * * LOW HITPOINT WARNING * * *
Grinder says, "Don't move a muscle."
Grinder hits you.
* * * LOW HITPOINT WARNING * * *
You writhe in agony.
* * * LOW HITPOINT WARNING * * *
Grinder gestures at you. Pain shoots through your body!
You die...

##### ..#.. #.#.#
#.#g# #.#S# #.#.#
.########.#(##########
.......<)@5..........$
.########.####..#####
........[..K........
#.###.#######..#####
#. ..... # #.#### ..
#.# .#


You could see Grinder.

Vanquished Creatures
  An orc wizard (D:2)
  An orc priest (D:2)
  3 adders
  2 oozes
  3 worms (D:2)
  2 dart slugs (D:1)
  A leopard gecko (D:1)
  4 orcs
  6 bats
  6 giant cockroaches
  6 goblins
  3 hobgoblins (D:1)
  3 jackals (D:1)
  5 kobolds
  A quokka (D:2)
  2 frilled lizards (D:2)
  23 rats
72 creatures vanquished.

Notes
Turn   | Place    | Note
-------+----------+-------------------------------------------
     0 | D:1      | Monsterracer the Troll Skald began the quest for the Orb.
     0 | D:1      | Reached XP level 1. HP: 19/19 MP: 1/1
    66 | D:1      | Reached XP level 2. HP: 18/27 MP: 2/2
   111 | D:1      | Reached skill level 3 in Unarmed Combat
   357 | D:1      | Reached XP level 3. HP: 33/33 MP: 3/3
   634 | D:1      | Learned a level 3 spell: Regeneration
   866 | D:2      | Reached skill level 4 in Unarmed Combat
   952 | D:2      | Found a shattered altar of Ashenzari.
  1035 | D:2      | Reached XP level 4. HP: 41/41 MP: 4/4
  1083 | D:2      | Found a shadowy altar of Dithmenos.
  1356 | D:2      | Reached skill level 5 in Unarmed Combat
  1357 | D:2      | Reached XP level 5. HP: 44/48 MP: 5/5
  1591 | D:3      | Noticed Grinder
  1592 | D:3      | Paralysed by Grinder for 4 turns
  1593 | D:3      | HP: 22/48 [Grinder (4)]
  1601 | D:3      | HP: 20/48 [orc (5)]
  1606 | D:3      | HP: 21/48 [goblin (2)]
  1669 | D:3      | Paralysed by Grinder for 7 turns
  1672 | D:3      | HP: 24/49 [Grinder (3)]
  1674 | D:3      | HP: 10/49 [Grinder (3)]
  1675 | D:3      | Killed from afar by Grinder

Skill      XL: |  1  2  3  4  5 |
---------------+----------------+-----
Unarmed Combat | 3 4 5 |  5.5
Dodging        | 2 |  2.0
Fighting       | |  1.6
Spellcasting   | |  1.2
Charms         | |  2.0

Action                   |  1- 3 |  4- 6 || total
-------------------------+-------+-------++-------
Melee: Unarmed           |   108 |    55 ||   163
       Punch             |       |     1 ||     1
 Stab: Sleeping          |     1 |       ||     1
  Eat: Chunk             |    15 |     6 ||    21
Armor: Robe              |    29 |    19 ||    48
Dodge: Dodged            |    57 |    23 ||    80

Vault maps used:
D:1:      lightli_arrival_maybe_door_vault
D:2:      nicolae_ashenzari_panopticon,
          nicolae_dithmenos_through_a_glass_darkly, minmay_rat_hole
D:3:      led_sif_book, elyvilon_altar_4, uniq_natasha, uniq_grinder
